 Dungeon Crawl Stone Soup version 0.30.1 (webtiles) character file.

Game seed: 6038683747810976811

70609 Peloso the Peltast (level 14, -4/135 HPs)
             Began as a Minotaur Fighter on July 1, 2023.
             Was a High Priest of Okawaru.
             Slain by a sun demon (6 damage)
             ... led by a balrug
             ... on level 2 of the Abyss.
             The game lasted 00:52:13 (22635 turns).

Peloso the Peltast (Minotaur Fighter)              Turns: 22635, Time: 00:52:14

Health: -4/135     AC: 35    Str: 23    XL:     14   Next: 94%
Magic:  14/14      EV: 10    Int:  5    God:    Okawaru [*****.]
Gold:   1338       SH: 23    Dex: 13    Spells: 13/13 levels left

rFire   + . .        a - +4 falchion "Gud Bish" {freeze, rN++}
rCold   . . .        d - +2 tower shield
rNeg    + + +        P - +8 plate armour of Okawaru's Hatred {*Corrode Fly rPois SInv}
rPois   +            (helmet restricted)
rElec   .            H - +1 cloak
rCorr   .            f - +2 pair of gloves
SInv    +            o - +0 pair of boots
Will    +....        j - amulet "Ceiweor" {rN++ Regen+} Stlth
                     w - ring of the Octopus King {rF+ HP+2 AC+2 EV+2 SH+2}
HPRegen 0.00/turn    v - +4 ring of slaying
MPRegen 0.14/turn

%: corrode self (3%)
@: sick, flying
A: horns 2, retaliatory headbutt
a: Renounce Religion, Heroism, Finesse, Duel


You were on level 2 of the Abyss.
You worshipped Okawaru.
Okawaru was extremely pleased with you.
You visited 4 branches of the dungeon, and saw 21 of its levels.
You visited the Abyss 1 time.
You also visited: Ice Cave.

You collected 2424 gold pieces.
You spent 1086 gold pieces at shops.

Inventory:

Hand Weapons
 a - the +4 falchion "Gud Bish" (weapon) {freeze, rN++}
   (You bought it in a shop on level 8 of the Dungeon)

   rN:        It greatly protects you from negative energy.
 c - a +3 scimitar of flaming
Armour
 d - a +2 tower shield (worn)
 f - a +2 pair of gloves (worn)
 o - a +0 pair of boots (worn)
 H - a +1 cloak (worn)
 P - the +8 plate armour of Okawaru's Hatred (worn) {*Corrode Fly rPois SInv}
   (Okawaru gifted it to you on level 11 of the Dungeon)

   rPois:     It protects you from poison.
   SInv:      It lets you see invisible.
   Fly:       It grants you flight.
   *Corrode:  It may corrode you when you take damage.
Jewellery
 h - a ring of positive energy
 j - the amulet "Ceiweor" (around neck) {rN++ Regen+}
   (You found it in an ice cave)

   [amulet of regeneration]

   rN:        It greatly protects you from negative energy.
   Regen:     It increases your rate of health regeneration.
 v - a +4 ring of slaying (right hand)
 w - a ring of the Octopus King (left hand) {rF+ HP+2 AC+2 EV+2 SH+2}
   (You bought it in a shop on level 2 of the Orcish Mines)

   [ring of protection from fire]

   AC:        It affects your AC (+2).
   EV:        It affects your evasion (+2).
   rF:        It protects you from fire.
   HP:        It affects your health (+2).
   SH:        It affects your SH (+2).
 Q - a ring of willpower
 V - a ring of see invisible
Wands
 n - a wand of polymorph (7)
Scrolls
 i - 4 scrolls of poison
 k - 2 scrolls of immolation
 m - 6 scrolls of teleportation
 t - a scroll of noise
 y - a scroll of magic mapping
 C - 9 scrolls of fear
 X - 5 scrolls of identify
Potions
 b - a potion of cancellation
 e - 8 potions of might
 g - 8 potions of curing
 l - 5 potions of heal wounds
 r - 2 potions of resistance
 x - 3 potions of flight
 A - 4 potions of haste
 W - 2 potions of invisibility


   Skills:
 + Level 14.7 Fighting
 + Level 16.5 Long Blades
 + Level 15.4 Armour
 + Level 5.3 Dodging
 + Level 2.2 Stealth
 + Level 16.9 Shields
 + Level 1.8 Invocations


You had 13 spell levels left.
You didn't know any spells.
Your spell library contained the following spells:

 Spells                   Type           Power      Damage    Failure   Level
 Apportation              Tloc           0%         N/A       100%        1
 Magic Dart               Conj           0%         1d3       100%        1
 Slow                     Hex            0%         N/A       100%        1
 Scorch                   Fire           0%         2d5       100%        2
 Sublimation of Blood     Necr           0%         N/A       100%        2
 Wereblood                Tmut           0%         N/A       100%        2
 Confusing Touch          Hex            0%         N/A       100%        3
 Dazzling Flash           Conj/Hex       0%         N/A       100%        3
 Gell's Gravitas          Tloc           0%         N/A       100%        3
 Hailstorm                Conj/Ice       0%         3d3       100%        3
 Mephitic Cloud           Conj/Pois/Air  0%         N/A       100%        3
 Teleport Other           Tloc           0%         N/A       100%        3
 Vampiric Draining        Necr           0%         2d6       100%        3
 Vhi's Electric Charge    Tloc/Air       0%         N/A       100%        3
 Volatile Blastmotes      Fire/Tloc      0%         2d10      100%        3
 Flame Wave               Conj/Fire      0%         2d4       100%        4
 Ice Form                 Ice/Tmut       0%         N/A       100%        4
 Iskenderun's Mystic Bla  Conj/Tloc      0%         2d3       100%        4
 Manifold Assault         Tloc           0%         N/A       100%        4
 Passage of Golubria      Tloc           0%         N/A       100%        4
 Arcjolt                  Conj/Air       0%         1d10      100%        5
 Yara's Violent Unravell  Hex/Tmut       0%         3d3       100%        5
 Dispersal                Tloc           0%         N/A       100%        6
 Starburst                Conj/Fire      0%         6d3       100%        6
 Maxwell's Capacitive Co  Air            0%         ∞         100%        8
 Call Imp                 Summ           Unusable   N/A       N/A         2
 Tukima's Dance           Hex            Unusable   N/A       N/A         3
 Simulacrum               Ice/Necr       Unusable   N/A       N/A         6
 Summon Cactus Giant      Summ           Unusable   N/A       N/A         6
 Summon Hydra             Summ           Unusable   N/A       N/A         7

Dungeon Overview and Level Annotations

Branches:
Dungeon (15/15)            Temple (1/1) D:6            Lair (3/5) D:10
 Shoals (0/4) Lair:3        Snake (0/4) Lair:2          Orc (2/2) D:10
    Elf (0/3) Orc:2        Vaults (0/5) D:13          IceCv (visited)
 Depths: D:15

Altars:
Ashenzari
Cheibriados
Dithmenos
Elyvilon
Fedhas
Gozag
Hepliaklqana
Kikubaaqudgha
Makhleb
Nemelex Xobeh
Okawaru
Qazlal
Ru
Sif Muna
Trog
Uskayaw
Vehumet
Wu Jian
Xom
Yredelemnul
Zin
The Shining One

Shops:
D:3 ([   D:7 *   D:8 (   D:10 [!!:=   D:13 *   Orc:1 :   Orc:2 !*=[

Annotations:
D:15 Louise
Orc:2 Casa


Innate Abilities, Weirdness & Mutations

You have a pair of horns on your head.
You reflexively headbutt those who attack you in melee.


Message History

You hit the sun demon. You freeze the sun demon.
The sun demon is moderately wounded.
You block the sun demon's attack. You block the efreet's attack.
The sun demon hits you but does no damage.
You closely miss the sun demon.
The sun demon is moderately wounded.
You block the thrashing horror's attack.
The thrashing horror tramples you but does no damage.
You feel ill.
You block the thrashing horror's attack. x2
You block the sun demon's attack. The efreet barely misses you.
You hit the efreet but do no damage. You headbutt the efreet!
The efreet is moderately wounded.
You block the sun demon's attack. You block the ancient zyme's attack. x2
The sun demon hits you but does no damage.
The thrashing horror tramples you but does no damage.
You block the thrashing horror's attack.
Unknown command.
You hit the efreet. You freeze the efreet.
The efreet is moderately wounded.
You block the thrashing horror's attack. x2
The sun demon hits you!
* * * LOW HITPOINT WARNING * * *
You are engulfed in flames!
You resist.
* * * LOW HITPOINT WARNING * * *
The efreet gestures at you.
The bolt of fire hits you but does no damage.
The sun demon hits you!
* * * LOW HITPOINT WARNING * * *
You are engulfed in flames!
You resist.
* * * LOW HITPOINT WARNING * * *
You slash the efreet! You freeze the efreet!
The efreet is almost dead.
You block the thrashing horror's attack. x2
The ancient zyme closely misses you. You block the ancient zyme's attack.
A raiju comes into view.
The sun demon hits you.
* * * LOW HITPOINT WARNING * * *
You are engulfed in flames.
You resist.
You die...

## #. ... # #
.#.#. .# . ..
#...#.#. # .# #..
. # . .. # .
#######. .# ....#
#. ###.#.####. #
######.X.......
#...3@x..###.☼
#...)3R..#
#...#°......#
...h......#.....#
##.##....##...#.#
# #...#x#.....#
...... .#.#.
....#.#. .### .
.... . .#.


You could see 2 sun demons, an ancient zyme, a thrashing horror, an efreet and a
raiju (wandering).

Vanquished Creatures
  A bone dragon (Abyss:2)
  A lich (Abyss:2)
  A tentacled starspawn (Abyss:2)
  Kirke (D:14)
  A tengu reaver (D:13)
  A balrug (Abyss:2)
  Azrael (Orc:1)
  Nessos (D:14)
  A white draconian (IceCv)
  The ghost of pornopis the Bludgeoner, a journeyman BaFi of Okawaru (D:13)
  Josephine (D:9)
  A hydra (D:14)
  A boulder beetle (D:13)
  3 centaur warriors (D:13)
  A catoblepas (D:14)
  3 death yaks (Lair:3)
  5 two-headed ogres
  A fire crab (D:10)
  2 skeletal warriors
  Pikel (D:8)
  An orc knight (Orc:2)
  A wizard (D:13)
  2 deep elf pyromancers
  An oklob plant (Lair:3)
  A necromancer (D:13)
  3 orc sorcerers (Orc:2)
  2 manticores
  2 cyclopes
  A worldbinder (Abyss:2)
  11 ugly things
  5 black mambas
  2 ice statues (IceCv)
  4 gargoyles
  4 kobold demonologists
  3 unseen horror zombies (D:9)
  Psyche (D:8)
  5 cane toads
  A komodo dragon (shapeshifter) (D:14)
  6 rime drakes
  A tengu conjurer (D:14)
  2 efreet (D:14)
  3 komodo dragons (Lair:1)
  2 unseen horrors
  3 trolls
  3 unseen horror skeletons (D:9)
  3 meliai (D:14)
  Grinder (D:3)
  10 blink frogs
  6 wraiths
  28 yaks
  5 shadows
  3 water elementals (D:14)
  4 flying skulls (D:9)
  19 slime creatures
  A wyvern (D:9)
  2 hogs (D:14)
  A human (D:14)
  A chaos spawn (Abyss:2)
  A vampire (D:13)
  4 fire elementals
  A basilisk (Lair:1)
  2 vampire mosquitoes (D:7)
  4 steam dragons
  3 small abominations (Abyss:2)
  Menkaure (D:7)
  2 wargs (Orc:2)
  3 hell hounds
  3 acid dragons
  11 water moccasins
  38 orc warriors
  2 sky beasts
  An ice beast (D:7)
  3 black bears
  4 wolves (Lair:3)
  19 centaurs
  7 ogres
  2 phantoms
  7 kobold brigands
  10 bullfrogs
  A gnoll sergeant (D:11)
  2 scorpions
  24 wights
  4 killer bees
  A lindwurm simulacrum (IceCv)
  3 electric eels (D:14)
  10 howler monkeys
  3 centaur zombies (D:9)
  9 komodo dragon simulacra (IceCv)
  3 hounds
  A gnoll bouda (D:6)
  12 orc priests
  A centaur skeleton (D:9)
  Natasha (thrice) (D:3)
  6 iguanas
  16 orc wizards
  4 hell rats (Lair:1)
  A howler monkey zombie (D:9)
  Robin (D:4)
  9 acid dragon simulacra (IceCv)
  14 gnolls
  9 adders
  3 howler monkey skeletons (D:9)
  A shadow imp (D:7)
  5 white imps
  An ufetubus (D:6)
  2 steam dragon simulacra (IceCv)
  2 dart slugs
  65 orcs
  2 bats (D:1)
  10 endoplasms
  3 giant cockroaches
  10 goblins
  6 hobgoblins
  4 jackals (D:1)
  2 quokkas
  8 ball pythons
  3 frilled lizards
  23 kobolds
  7 rats
605 creatures vanquished.

Vanquished Creatures (others)
  An orc wizard (D:10)
  A goblin (D:4)
  2 starspawn tentacles (Abyss:2)
4 creatures vanquished.

Grand Total: 609 creatures vanquished

Notes
Turn   | Place    | Note
-------+----------+-------------------------------------------
     0 | D:1      | Peloso the Minotaur Fighter began the quest for the Orb.
     0 | D:1      | Reached XP level 1. HP: 19/19 MP: 0/0
    95 | D:1      | Reached XP level 2. HP: 22/27 MP: 1/1
   875 | D:2      | Reached XP level 3. HP: 13/33 MP: 2/2
  1001 | D:2      | Reached XP level 4. HP: 28/40 MP: 3/3
  1791 | D:3      | Noticed an ogre
  1798 | D:3      | Killed an ogre
  1799 | D:3      | Reached XP level 5. HP: 46/47 MP: 4/4
  1811 | D:3      | Found Esienuc's Antique Weapon Shop.
  1840 | D:3      | Noticed Grinder
  1846 | D:3      | Paralysed by Grinder for 4 turns
  1864 | D:3      | Paralysed by Grinder for 4 turns
  1873 | D:3      | Killed Grinder
  1874 | D:3      | Reached skill level 5 in Long Blades
  1874 | D:3      | Reached skill level 5 in Armour
  1874 | D:3      | Reached skill level 1 in Dodging
  1874 | D:3      | Reached XP level 6. HP: 32/55 MP: 5/5
  2171 | D:3      | Found Ruyl's Armour Boutique.
  2176 | D:3      | Noticed Natasha
  2183 | D:3      | Killed Natasha
  2184 | D:3      | Reached skill level 5 in Fighting
  2261 | D:3      | Noticed Natasha
  2268 | D:3      | Killed Natasha
  2303 | D:3      | Noticed Natasha
  2308 | D:3      | Killed Natasha
  2573 | D:4      | Noticed Robin
  2581 | D:4      | Killed Robin
  2597 | D:4      | Reached XP level 7. HP: 55/61 MP: 6/6
  2668 | D:4      | You fall into a shaft and drop 3 floors!
  2677 | D:7      | Noticed a vampire mosquito
  2871 | D:6      | Found a staircase to the Ecumenical Temple.
  2893 | Temple   | Entered the Ecumenical Temple
  3209 | Temple   | Became a worshipper of Warmaster Okawaru
  3248 | Temple   | Reached XP level 8. HP: 27/68 MP: 7/7
  3454 | D:6      | Noticed a two-headed ogre
  3524 | Temple   | Killed a two-headed ogre
  3524 | Temple   | Reached * piety under Okawaru
  3525 | Temple   | Reached skill level 5 in Shields
  3848 | D:6      | Reached skill level 1 in Stealth
  3862 | D:6      | Reached ** piety under Okawaru
  3866 | D:6      | Reached XP level 9. HP: 62/78 MP: 8/8
  4026 | D:5      | Entered Level 5 of the Dungeon
  4738 | D:4      | Found a glowing golden altar of the Shining One.
  4746 | D:4      | Found a radiant altar of Vehumet.
  4750 | D:4      | Found an opulent altar of Gozag.
  4752 | D:4      | Found a burning altar of Makhleb.
  4753 | D:4      | Found a stormy altar of Qazlal.
  4755 | D:4      | Found a hide-covered altar of Uskayaw.
  4763 | D:4      | Found an ornate altar of the Wu Jian Council.
  5118 | D:5      | Reached skill level 10 in Long Blades
  5670 | D:7      | Noticed Menkaure
  5676 | D:7      | Killed Menkaure
  5875 | D:7      | Reached *** piety under Okawaru
  6236 | D:7      | Reached skill level 1 in Invocations
  6488 | D:7      | Found Kufeing's Assorted Antiques.
  7344 | D:8      | Reached XP level 10. HP: 82/87 MP: 9/9
  7473 | D:8      | Noticed Pikel
  7475 | D:8      | Reached **** piety under Okawaru
  7499 | D:8      | Killed Pikel
  7820 | D:8      | Found Jimuiban's Antique Weapon Emporium.
  7831 | D:8      | Bought a pitted falchion for 240 gold pieces
  7831 | D:8      | Identified the +4 falchion "Gud Bish" {freeze, rN++} (You
                  | bought it in a shop on level 8 of the Dungeon)
  7947 | D:8      | Noticed Psyche
  7956 | D:8      | Killed Psyche
  8104 | D:8      | Reached ***** piety under Okawaru
  8194 | D:8      | Reached skill level 10 in Armour
  8396 | D:8      | Found a shadowy altar of Dithmenos.
  9065 | D:9      | Reached XP level 11. HP: 96/97 MP: 10/10
  9109 | D:9      | Found an ancient bone altar of Kikubaaqudgha.
  9351 | D:9      | Noticed Josephine
  9354 | D:9      | Received a gift from Okawaru
  9364 | D:9      | Killed Josephine
  9369 | D:9      | Reached skill level 10 in Fighting
  9762 | D:9      | Noticed a skeletal warrior
  9773 | D:9      | Killed a skeletal warrior
  9861 | D:10     | Entered Level 10 of the Dungeon
 10225 | D:10     | Found a staircase to the Orcish Mines.
 10568 | D:10     | Found Mainton's Armour Boutique.
 10735 | D:10     | Found Jasam's Distillery.
 10737 | D:10     | Found Uviul's Distillery.
 10741 | D:10     | Bought 2 potions of heal wounds for 110 gold pieces
 10744 | D:10     | Found a staircase to the Lair.
 10749 | D:10     | Noticed a fire crab
 10754 | D:10     | Found Ammevvid's Jewellery Emporium.
 10755 | D:10     | Found Orchised's Book Shoppe.
 10763 | D:10     | Killed a fire crab
 10965 | D:10     | Reached XP level 12. HP: 106/108 MP: 12/12
 11188 | D:11     | Noticed a two-headed ogre
 11199 | D:11     | Killed a two-headed ogre
 11300 | D:11     | Reached skill level 10 in Shields
 11359 | D:11     | Noticed a two-headed ogre
 11372 | D:11     | Killed a two-headed ogre
 11450 | D:11     | Identified the +8 plate armour of Okawaru's Hatred
                  | {*Corrode Fly rPois SInv} (Okawaru gifted it to you on
                  | level 11 of the Dungeon)
 11450 | D:11     | Received a gift from Okawaru
 11757 | D:11     | Reached skill level 15 in Long Blades
 13032 | Lair:1   | Entered Level 1 of the Lair of Beasts
 14267 | Lair:2   | Reached XP level 13. HP: 104/119 MP: 13/13
 14323 | Lair:2   | Found a frozen archway.
 14332 | IceCv    | Entered an ice cave
 14464 | IceCv    | Reached ****** piety under Okawaru
 14559 | IceCv    | Received a gift from Okawaru
 15009 | IceCv    | Noticed a white draconian
 15024 | IceCv    | Killed a white draconian
 15454 | IceCv    | Identified the amulet "Ceiweor" {rN++ Regen+}
 15767 | Lair:2   | Found a staircase to the Snake Pit.
 16541 | Lair:3   | Found a staircase to the Shoals.
 16636 | Lair:3   | Identified the +0 hat of Agoraphobia {Contam rC++ Str+8
                  | Dex-4} (Okawaru gifted it to you on level 3 of the Lair of
                  | Beasts)
 16636 | Lair:3   | Received a gift from Okawaru
 17956 | D:13     | Found a runed translucent gate.
 17957 | D:13     | Found a runed translucent gate.
 17958 | D:13     | Found a runed translucent gate.
 17959 | D:13     | Found an opulent altar of Gozag.
 17960 | D:13     | Found Axtixoud's Assorted Antiques.
 17961 | D:13     | Noticed pornopis's ghost (journeyman BaFi)
 17961 | D:13     | Noticed a tengu reaver
 18006 | D:13     | Found a gate to the Vaults.
 18707 | Orc:1    | Entered Level 1 of the Orcish Mines
 18918 | Orc:2    | Entered Level 2 of the Orcish Mines
 19033 | Orc:2    | Paralysed by an orc sorcerer for 3 turns
 19039 | Orc:2    | Noticed Azrael
 19185 | Orc:1    | Killed Azrael
 19186 | Orc:1    | Reached XP level 14. HP: 124/132 MP: 12/14
 19221 | Orc:2    | Identified the +1 ring mail "Kilukh" {Contam +Inv Int+2
                  | SInv} (Okawaru gifted it to you on level 2 of the Orcish
                  | Mines)
 19221 | Orc:2    | Received a gift from Okawaru
 19423 | Orc:2    | Found a staircase to the Elven Halls.
 19470 | Orc:2    | Found Wiul's General Store.
 19470 | Orc:2    | Found Ejeutan's Jewellery Shop.
 19472 | Orc:2    | Found Heor Boejuzo's Armour Boutique.
 19474 | Orc:2    | Found Jiextuc's Distillery.
 19582 | Orc:2    | Reached skill level 15 in Shields
 19655 | Orc:2    | Bought a ring of the Octopus King {rF+ HP+2 AC+2 EV+2 SH+2}
                  | for 736 gold pieces
 19655 | Orc:2    | Found the ring of the Octopus King {rF+ HP+2 AC+2 EV+2
                  | SH+2}
 19906 | Orc:2    | Found a shimmering blue altar of Sif Muna.
 19936 | Orc:2    | Got Sif Muna's Vellum of Direction
 20567 | Orc:1    | Found Hode's Vocational Training.
 21157 | D:13     | Killed pornopis's ghost
 21177 | D:13     | Killed a tengu reaver
 21193 | D:13     | Reached skill level 5 in Dodging
 21335 | D:14     | Noticed Kirke
 21355 | D:14     | Killed Kirke
 21473 | D:14     | Got the Secrets of Mastery
 21677 | D:14     | Noticed Nessos
 21708 | D:14     | Killed Nessos
 21815 | D:13     | Reached skill level 15 in Armour
 21861 | D:14     | Identified the +1 ring mail of Okawaru, Keeping {rElec}
                  | (Okawaru gifted it to you on level 14 of the Dungeon)
 21861 | D:14     | Received a gift from Okawaru
 22203 | D:15     | Entered Level 15 of the Dungeon
 22347 | D:15     | Noticed Louise
 22380 | Abyss:2  | Cast into level 2 of the Abyss (Louise)
 22420 | Abyss:2  | Noticed a lich
 22443 | Abyss:2  | Killed a lich
 22461 | Abyss:2  | Noticed a tentacled starspawn
 22473 | Abyss:2  | Killed a tentacled starspawn
 22545 | Abyss:2  | Noticed a bone dragon
 22576 | Abyss:2  | Killed a bone dragon
 22606 | Abyss:2  | Noticed a balrug
 22622 | Abyss:2  | Killed a balrug
 22634 | Abyss:2  | HP: 4/135 [sun demon[a balrug] (8)]
 22635 | Abyss:2  | Slain by a sun demon

Illustrated notes

Levels and vault maps discovered:
D:1:      minmay_arrival_nine_rooms, layout_basic, st_stairs_2
D:2:      layout_basic, minmay_misc_feat_tower
D:3:      layout_rooms, serial_shops, shop, shop, uniq_natasha, uniq_grinder
D:4:      minmay_diamond_boxcup, layout_loops_ring,
          nicolae_overflow_hallway_of_the_gods, serial_bayou_ford_a, uniq_robin
D:5:      layout_cave_pools
D:6:      hangedman_cross_stitches, layout_cave_pools,
          minmay_temple_entry_stoned_glass, mrwooster_statue_mirror
D:7:      layout_layer_cave, serial_shops, nicolae_shop_tiny_glass,
          serial_bayou_pond_d, uniq_menkaure
D:8:      minmay_clustersquares, layout_basic, lemuel_coloured_pillars_altar,
          serial_shops, shop, uniq_pikel, uniq_psyche
D:9:      hangedman_screamer, layout_gridville, kiku_gazebo_pond_becter,
          nicolae_figureground_sparkle
D:10:     layout_loops_ring, minmay_lair_entry_lava, erik_orc_2, serial_shops,
          shop_fountains, shop, shop, shop, shop, uniq_josephine
D:11:     layout_roguey
D:12:     layout_cave_pods
D:13:     layout_basic, david_vaults_1, ebering_ghost_gozag
D:14:     layout_basic, serial_park_fountain, uniq_nessos, uniq_kirke
D:15:     hangedman_depths_entry_civil_slaughter, layout_basic,
          hangedman_abyss_or_decor_passed, uniq_louise
Temple:   oiseaux_autumnal_temple
Lair:1:   layout_cave_pods, nicolae_lair_grazing_beasts
          [nicolae_sub_lair_graze_edge, nicolae_sub_lair_graze_edge,
          nicolae_sub_lair_graze_edge, nicolae_sub_lair_graze_edge]
Lair:2:   layout_small_grid, minmay_snake_entry_six_corridors,
          portal_ice_cave_entry_pillars_2, serial_bayou_shore_a
Lair:3:   layout_regular_city, minmay_shoals_entry_centaurs, lemuel_fruit_tree
Orc:1:    layout_diamond_mine, nicolae_shop_vocational
Orc:2:    st_orc_rangers, layout_diamond_mine, basic_altar,
          hangedman_feature_mirror, led_sif_book, uniq_azrael
Abyss:2:  base: D:1, due_exit_kobolds

Skill      XL: |  1  2  3  4  5  6  7  8  9 10 11 12 13 14 |
---------------+-------------------------------------------+-----
Fighting       | 4 5 6 7 9 10 12 14 | 14.7
Shields        | 4 5 6 7 9 11 14 16 | 16.9
Armour         | 4 5 6 7 9 10 11 13 14 15 | 15.4
Long Blades    | 3 4 5 6 7 9 11 13 14 15 16 | 16.5
Dodging        | 1 2 3 4 5 |  5.3
Stealth        | 1 2 |  2.2
Invocations    | 1 |  1.8

Action                     |  1- 3 |  4- 6 |  7- 9 | 10-12 | 13-15 || total
---------------------------+-------+-------+-------+-------+-------++-------
  Melee: Long sword        |    66 |    96 |   281 |    37 |       ||   480
         Headbutt          |     8 |    14 |    52 |   172 |   282 ||   528
         Falchion          |       |       |       |   658 |  1069 ||  1727
         Scimitar          |       |       |       |       |     9 ||     9
 Invoke: Heroism           |       |       |     1 |     3 |    11 ||    15
    Use: Scroll            |     2 |     6 |     5 |    10 |     5 ||    28
         Potion            |     2 |       |       |     1 |     2 ||     5
   Stab: Petrifying        |       |       |       |       |     1 ||     1
 Armour: Scale mail        |    29 |       |       |       |       ||    29
         Chain mail        |     5 |    60 |   190 |    80 |       ||   335
         Plate armour      |       |       |       |   276 |   496 ||   772
         Skin              |       |       |       |     4 |       ||     4
  Dodge: Dodged            |    41 |    35 |   116 |   228 |   207 ||   627
  Block: Buckler           |    19 |    14 |    90 |   162 |       ||   285
         Tower shield      |       |       |       |    40 |  1181 ||  1221
